AoeStats
← albanplumed

African Clearing

504579001Analyzed
4v4 RM · 27d ago on Sep 5, 2026· 46m 22s· 8 players
Game mode
Random Map
Map size
Large (8 player)
Population
200
Speed
Normal
Resources
Standard
Victory
Conquest
Starting age
Dark Age
Ending age
Imperial Age
RankedLock teamsTeams togetherTeam positionsShared explorationLock speedFull tech treeHidden civsTurbo modeCheats
Victory
Defeat
🇹🇷 Huns · Türkiye
1422
+13
🇹🇷 Mongols · Türkiye
1413
+13
🇹🇷 Berbers · Türkiye
1331
+17
🇹🇷 Spanish · Türkiye
1259
+20
🇫🇷 Cumans · France
1476
-21
🇫🇷 Britons · France
1404
-18
🇫🇷 Chinese · France
1311
-14
🇫🇷 Burgundians · France
1204
-10
Chili
3:43 Loom
13:14 Feudal Age
17:48 Castle Age
17:41 Fletching
17:40 Double-Bit Axe
24:46 Bow Saw
25:18 Bodkin Arrow
25:54 Padded Archer Armor
26:53 Ballistics
28:48 Gold Mining
28:51 Town Watch
29:46 Wheelbarrow
31:08 Leather Archer Armor
37:05 Imperial Age
38:04 Gold Shaft Mining
37:50 Bracer
39:21 Chemistry
39:35 Ring Archer Armor
40:27 Yeomen
42:55 Conscription
nanoushka
7:26 Double-Bit Axe
10:51 Loom
13:22 Wheelbarrow
14:42 Feudal Age
13:51 Wheelbarrow
14:13 Horse Collar
17:11 Bow Saw
17:50 Scale Barding Armor
18:07 Gold Mining
19:01 Forging
19:33 Heavy Plow
25:51 Castle Age
26:46 Cavalier
27:28 Husbandry
29:48 Two-Man Saw
29:21 Crop Rotation
29:14 Chain Barding Armor
29:30 Iron Casting
35:43 Stone Mining
39:37 Stone Shaft Mining
39:37 Gold Shaft Mining
43:08 Imperial Age
43:00 Hand Cart
44:53 Paladin
45:34 Town Watch
46:31 Plate Barding Armor
TartineMiamMiam
4:11 Loom
13:54 Feudal Age
14:51 Double-Bit Axe
23:38 Castle Age
23:46 Crossbowman
25:10 Bow Saw
26:27 Fletching
35:38 Bodkin Arrow
41:25 Imperial Age
40:59 Wheelbarrow
40:10 Town Watch
43:06 Elite Skirmisher
Frondeur
10:27 Loom
12:23 Feudal Age
16:59 Castle Age
15:16 Double-Bit Axe
15:14 Horse Collar
16:51 Scale Barding Armor
17:33 Wheelbarrow
18:41 Gold Mining
27:56 Bloodlines
28:08 Chain Barding Armor
32:35 Hand Cart
32:37 Bow Saw
34:35 Gold Shaft Mining
35:43 Forging
37:28 Town Watch
38:11 Stone Mining
39:02 Fletching
39:25 Heavy Plow
42:14 Imperial Age
40:03 Town Patrol
40:04 Bodkin Arrow
40:10 Padded Archer Armor
41:44 Ballistics
43:19 Conscription
44:00 Chemistry
43:37 Plate Barding Armor
42:24 Cavalier
44:37 Leather Archer Armor
44:58 Iron Casting
44:52 Capped Ram
OsmanAbi
5:45 Loom
12:58 Feudal Age
19:04 Castle Age
16:58 Double-Bit Axe
17:05 Gold Mining
18:54 Fletching
20:03 Bodkin Arrow
30:00 Ballistics
31:10 Wheelbarrow
30:21 Town Watch
33:31 Padded Archer Armor
33:33 Husbandry
33:44 Bloodlines
36:20 Horse Collar
36:51 Bow Saw
37:31 Stone Mining
38:17 Gold Shaft Mining
39:53 Scale Barding Armor
39:59 Forging
41:17 Marauders
42:48 Chain Barding Armor
43:03 Iron Casting
42:51 Hand Cart
45:11 Imperial Age
43:39 Town Patrol
44:12 Thumb Ring
45:46 Elite Genitour
46:52 Parthian Tactics
47:03 Plate Barding Armor
47:29 Blast Furnace
Sem
3:50 Loom
12:26 Feudal Age
16:37 Castle Age
15:33 Double-Bit Axe
16:30 Horse Collar
22:00 Bow Saw
24:07 Fletching
25:16 Bodkin Arrow
26:49 Padded Archer Armor
29:14 Leather Archer Armor
31:00 Wheelbarrow
32:02 Ballistics
33:16 Bloodlines
39:38 Imperial Age
37:39 Town Watch
37:46 Gold Mining
37:48 Stone Mining
38:07 Husbandry
37:38 Light Cavalry
39:40 Scale Barding Armor
39:46 Forging
41:23 Chemistry
40:24 Bracer
40:45 Chain Barding Armor
42:34 Gold Shaft Mining
42:48 Elite Mangudai
44:54 Iron Casting
44:46 Hussar
ysk
4:45 Loom
16:30 Feudal Age
20:30 Castle Age
23:51 Double-Bit Axe
25:12 Horse Collar
29:30 Wheelbarrow
31:22 Bow Saw
31:08 Stone Mining
40:16 Imperial Age
40:17 Capped Ram
41:22 Conscription
41:16 Bloodlines
41:27 Pikeman
42:09 Squires
41:56 Arson
43:34 Halberdier
45:20 Gambesons
46:03 Hand Cart
46:20 Gold Mining
47:06 Stone Shaft Mining
albanplumed
9:38 Loom
14:45 Feudal Age
17:10 Double-Bit Axe
22:49 Wheelbarrow
27:12 Fletching
28:29 Horse Collar
32:08 Castle Age
31:13 Padded Archer Armor
32:43 Crossbowman
33:30 Thumb Ring
33:25 Bodkin Arrow
34:16 Heavy Plow
38:08 Leather Archer Armor
42:45 Ballistics
47:47 Imperial Age
Connection lost

Rejoining the realm…

Still unreachable

The connection could not be restored.

Session expired

The server has moved on; the page needs a fresh start.